[Event "Titled Tuesday Blitz August 22 Early 2023"]
[White "Aggelis, Nikolaos"]
[Black "Pershina, Elena"]
[WhiteFideId "4213220"]
[BlackFideId "24147516"]
[WhiteElo "2574"]
[BlackElo "2420"]
[Result "1/2-1/2"]
[Round "7"]
[TimeControl "180+1"]
[Date "2023.08.22"]
[WhiteClock "0:00:30"]
[BlackClock "0:00:10"]
[Board "136"]

1. c4 c6 2. Nc3 d5 3. d4 Nf6 4. Nf3 dxc4 5. a4 Bf5 6. Ne5 Nbd7 7. Nxc4 Qc7 8. Bg5 e5 9. e3 Bb4 10. Be2 exd4 11. Bf4 dxc3 12. Bxc7 c2+ 13. Qd2 Bxd2+ 14. Nxd2 O-O 15. f3 Rac8 16. Ba5 b6 17. Bc3 Nd5 18. e4 Nxc3 19. bxc3 Be6 20. Bd3 f5 21. Bxc2 Nc5 22. a5 Rfe8 23. O-O fxe4 24. Nxe4 Nxe4 25. Bxe4 Bd5 26. Bxd5+ cxd5 27. axb6 axb6 28. Rac1 d4 29. cxd4 Rxc1 30. Rxc1 Re2 31. Rc6 Rd2 32. Rxb6 Rxd4 33. Rb7 Rd2 34. h4 h5 35. Kh2 Kh7 36. Rb6 g6 37. Kg3 Kh6 38. Kh3 Rd3 39. Rb7 Rc3 40. Kg3 Rd3 41. Kf2 Rd2+ 42. Kg3 Rc2 43. Kh3 Rc3 44. Re7 Rb3 45. Kg3 Rb2 46. Kf4 Rxg2 47. Ra7 Rh2 48. Kg3 Rh1 49. Ra6 Rg1+ 50. Kf2 Rh1 51. Kg3 Rg1+ 52. Kh2 Rf1 53. Kg2 Rb1 54. f4 Rb5 55. Kf3 Kg7 56. Ra7+ Kf6 57. Ra8 Rb3+ 58. Ke4 Rb4+ 59. Kf3 Rb3+ 60. Ke4 Rb4+ 61. Kf3 Rb3+ 1/2-1/2


[Site "https://www.chess.com"]

[Event "Titled Tuesday Blitz August 22 Early 2023"]
[White "Buchenau, Frank"]
[Black "Kozin, Yuri"]
[WhiteFideId "4604350"]
[BlackFideId "4129920"]
[WhiteElo "2420"]
[BlackElo "2560"]
[Result "1/2-1/2"]
[Round "7"]
[TimeControl "180+1"]
[Date "2023.08.22"]
[WhiteClock "0:00:09"]
[BlackClock "0:00:28"]
[Board "137"]

1. e4 c5 2. Nf3 e6 3. d4 cxd4 4. Nxd4 Nf6 5. Nc3 d6 6. g4 h6 7. h4 Nc6 8. g5 hxg5 9. Bxg5 Bd7 10. Qd2 Be7 11. Ndb5 Qb8 12. O-O-O a6 13. Nxd6+ Bxd6 14. Qxd6 Qxd6 15. Rxd6 O-O-O 16. Be2 Kc7 17. Rhd1 b5 18. f4 b4 19. Na4 e5 20. Nc5 Bc8 21. Rxd8 Rxd8 22. Rxd8 Kxd8 23. h5 Ke8 24. h6 Kf8 25. fxe5 Nxe5 26. hxg7+ Kxg7 27. Bxa6 Bxa6 28. Bxf6+ Kxf6 29. Nxa6 Nc4 30. Nxb4 Ke5 31. b3 Nd6 32. a4 Kxe4 33. a5 Kd4 34. Kb2 Kc5 35. Nd3+ Kb5 36. b4 f5 37. Kb3 Nc4 38. a6 Nd2+ 39. Kc3 Ne4+ 40. Kd4 Kxa6 41. c4 Kb6 42. Ke5 Nd2 43. Nb2 Nxc4+ 44. Nxc4+ Kb5 45. Nd6+ Kxb4 46. Nxf5 1/2-1/2


[Site "https://www.chess.com"]

[Event "Titled Tuesday Blitz August 22 Early 2023"]
[White "Pein, Jonathan"]
[Black "Ribeiro, Matheus Mendes Domingues"]
[WhiteFideId "417092"]
[BlackFideId "324226923"]
[WhiteElo "2418"]
[BlackElo "2557"]
[Result "0-1"]
[Round "7"]
[TimeControl "180+1"]
[Date "2023.08.22"]
[WhiteClock "0:00:00"]
[BlackClock "0:00:05"]
[Board "138"]

1. Nf3 d5 2. c4 e6 3. b3 Nf6 4. Bb2 c5 5. e3 Nc6 6. cxd5 exd5 7. d4 cxd4 8. Nxd4 Bb4+ 9. Bc3 Bxc3+ 10. Nxc3 Qa5 11. Qd2 Nxd4 12. Qxd4 Be6 13. Bb5+ Ke7 14. O-O Rhc8 15. Rac1 Rxc3 16. Qxc3 Qxb5 17. Qc7+ Qd7 18. Qc5+ Qd6 19. Qc7+ Qxc7 20. Rxc7+ Kd6 21. Rxb7 a5 22. Rc1 a4 23. b4 d4 24. Rb6+ Ke7 25. Rc7+ Nd7 26. a3 d3 27. Kf1 Rd8 28. Ke1 Kf6 29. Rd6 Ke7 30. Rxd3 Rb8 31. e4 Ke8 32. Ra7 Nb6 33. f4 Bb3 34. Kf2 Nc4 35. Rdd7 Nxa3 36. Re7+ Kf8 37. Reb7 Rxb7 38. Rxb7 Nc2 39. Rb8+ Ke7 40. b5 a3 41. b6 Kd7 42. Ra8 Kc6 43. Ra6 a2 44. b7+ Kxb7 45. Rxa2 Bxa2 46. g4 Kc6 47. Kf3 Nd4+ 48. Ke3 Kc5 49. g5 g6 50. h4 Bb3 51. Kf2 Nc2 52. Kf3 Kd4 53. f5 Bc4 54. Kf4 Bd3 55. fxg6 hxg6 56. e5 Ne3 57. h5 Nd5+ 58. Kg4 gxh5+ 59. Kxh5 Kxe5 60. g6 Bxg6+ 61. Kg5 Kd6 62. Kg4 f5+ 63. Kg3 Ke5 64. Kf3 f4 65. Kf2 Be4 66. Ke2 f3+ 67. Kf2 Kf4 68. Kf1 Ke3 69. Kg1 f2+ 70. Kf1 Bd3+ 71. Kg2 f1=Q+ 72. Kh2 Be4 73. Kg3 Qf4+ 74. Kh3 Qg5 0-1


[Site "https://www.chess.com"]

[Event "Titled Tuesday Blitz August 22 Early 2023"]
[White "Melikhov, Evgeny V."]
[Black "Shishkov, Andrei"]
[WhiteFideId "4122046"]
[BlackFideId "4500563"]
[WhiteElo "2411"]
[BlackElo "2512"]
[Result "0-1"]
[Round "7"]
[TimeControl "180+1"]
[Date "2023.08.22"]
[WhiteClock "0:00:42"]
[BlackClock "0:00:19"]
[Board "139"]

1. d4 Nf6 2. c4 e6 3. Nc3 Bb4 4. Qc2 O-O 5. e4 d6 6. e5 dxe5 7. dxe5 Ng4 8. Nf3 Nc6 9. Bf4 Nd4 10. Qd2 Bc5 11. Ne4 Nxf3+ 12. gxf3 Qxd2+ 13. Kxd2 Nxf2 14. Nxf2 Bxf2 15. Be3 Rd8+ 16. Bd3 Bxe3+ 17. Kxe3 Bd7 18. Be4 Rab8 19. Rhg1 g6 20. h4 Bc6 21. Bxc6 bxc6 22. b3 a5 23. h5 Kg7 24. Rad1 Rxd1 25. Rxd1 a4 26. bxa4 Rb4 27. Rd7 gxh5 28. Rxc7 Rxc4 29. a5 Ra4 30. Rxc6 Rxa5 31. f4 Ra3+ 32. Kf2 Rxa2+ 33. Kg3 Kg6 34. Rc7 Ra3+ 35. Kg2 h4 36. Rb7 Rg3+ 37. Kf2 h5 38. Ra7 Rg4 39. Kf3 h3 40. Ra2 Kf5 41. Rh2 Rxf4+ 42. Kg3 Kxe5 43. Rxh3 h4+ 44. Kg2 f5 45. Ra3 Kf6 46. Ra6 Rb4 47. Rc6 f4 48. Kf3 Kf5 49. Rc3 e5 50. Ra3 e4+ 51. Kg2 Kg4 52. Ra2 h3+ 53. Kg1 Kg3 54. Rg2+ Kh4 55. Rg8 Rb2 56. Kf1 h2 57. Rh8+ Kg3 58. Ke1 h1=Q+ 0-1


[Site "https://www.chess.com"]

[Event "Titled Tuesday Blitz August 22 Early 2023"]
[White "Manukian, Artak"]
[Black "Hajiyev, Kanan"]
[WhiteFideId "13301373"]
[BlackFideId "13404148"]
[WhiteElo "2404"]
[BlackElo "2504"]
[Result "1-0"]
[Round "7"]
[TimeControl "180+1"]
[Date "2023.08.22"]
[WhiteClock "0:00:44"]
[BlackClock "0:01:18"]
[Board "140"]

1. e4 c6 2. d4 d5 3. e5 a6 4. c4 Bf5 5. Nc3 e6 6. a4 Bb4 7. Nf3 Qa5 8. Bd2 Nd7 9. cxd5 cxd5 10. Nh4 Ne7 11. Be2 Rc8 12. O-O h6 13. Nxf5 Nxf5 14. Be1 Nb6 15. g4 Ne7 16. f4 Nc4 17. Bxc4 Rxc4 18. f5 Rxd4 19. Qf3 exf5 20. gxf5 Nc6 21. e6 O-O 22. f6 Ne5 23. Qh5 Rg4+ 24. Kh1 Rg5 25. Qh3 Bxc3 26. fxg7 Kxg7 27. Bxc3 d4 28. Bxa5 f5 29. Bd2 Rg4 30. Bxh6+ 1-0


[Site "https://www.chess.com"]

[Event "Titled Tuesday Blitz August 22 Early 2023"]
[White "Cheer_Down"]
[Black "Sanduleac, Vasile"]
[BlackFideId "13900161"]
[WhiteElo "2397"]
[BlackElo "2503"]
[Result "1/2-1/2"]
[Round "7"]
[TimeControl "180+1"]
[Date "2023.08.22"]
[WhiteClock "0:00:08"]
[BlackClock "0:00:24"]
[Board "141"]

1. e4 g6 2. d4 Bg7 3. Nf3 d6 4. Bc4 c6 5. Bb3 Nf6 6. Qe2 O-O 7. e5 dxe5 8. dxe5 Nd5 9. O-O Na6 10. Rd1 Qc7 11. h3 Nc5 12. Nc3 Nxc3 13. bxc3 Nxb3 14. axb3 b6 15. Bf4 Bb7 16. Bg3 c5 17. e6 Qc6 18. exf7+ Rxf7 19. Be5 Bh6 20. c4 a5 21. Rd3 Raf8 22. Rad1 Qe6 23. Re1 Bxf3 24. Rxf3 Rxf3 25. gxf3 Qxh3 26. Bg3 Rf7 27. Qe6 Qf5 28. Qxb6 Qxf3 29. Qd8+ Bf8 30. Qd5 Qf5 31. Re3 Qxc2 32. Rf3 e6 33. Qd3 Qxd3 34. Rxd3 Rb7 35. Rd8 Kf7 36. Ra8 Rxb3 37. Rxa5 Rb7 38. Rb5 Rd7 39. Bf4 Rd4 40. Rb7+ Be7 41. Be5 Rd8 42. Kg2 Ke8 43. Rc7 h5 44. f4 Rd3 45. Rc6 Rd2+ 46. Kf3 Rc2 47. Rxe6 Kf7 48. Rc6 Rxc4 49. Rc7 Ke8 50. Rc6 g5 51. f5 g4+ 52. Ke3 Bg5+ 53. Kd3 Rc1 54. f6 Rd1+ 55. Ke4 Rf1 56. Kd5 Bxf6 57. Rxf6 Rxf6 58. Bxf6 g3 59. Bh4 g2 60. Bf2 h4 61. Bg1 h3 62. Kxc5 Kf7 63. Kd4 Kg6 64. Ke3 Kg5 65. Kf3 Kh4 66. Kf2 Kg4 67. Bh2 Kf5 68. Kg3 Ke4 69. Kxh3 Kf3 70. Bg1 Ke2 71. Kxg2 1/2-1/2


[Site "https://www.chess.com"]

[Event "Titled Tuesday Blitz August 22 Early 2023"]
[White "Tsyhanchuk, Stanislav"]
[Black "Zeck_CH"]
[WhiteFideId "13505130"]
[WhiteElo "2477"]
[BlackElo "2395"]
[Result "0-1"]
[Round "7"]
[TimeControl "180+1"]
[Date "2023.08.22"]
[WhiteClock "0:00:07"]
[BlackClock "0:01:52"]
[Board "142"]

1. e4 c6 2. d4 g6 3. c4 d5 4. cxd5 cxd5 5. e5 Nc6 6. Nc3 Bg7 7. Nf3 f6 8. exf6 Nxf6 9. Bd3 O-O 10. O-O Bg4 11. Be3 e5 12. Be2 exd4 13. Nxd4 Bxe2 14. Qxe2 Re8 15. Qd1 a6 16. Rc1 Rc8 17. Qb3 Na5 18. Qa4 Ng4 19. Rfe1 Rc4 20. Qd1 Bxd4 21. Bxd4 Rxe1+ 22. Qxe1 Rxd4 23. Qe6+ Kg7 24. h3 Nf6 25. Re1 Nc6 26. g4 h6 27. f3 Rd2 28. f4 Qb6+ 29. Kf1 Qf2# 0-1


[Site "https://www.chess.com"]

[Event "Titled Tuesday Blitz August 22 Early 2023"]
[White "DeyanKostov"]
[Black "Gutkin, Ilya"]
[BlackFideId "16203470"]
[WhiteElo "2467"]
[BlackElo "2377"]
[Result "1-0"]
[Round "7"]
[TimeControl "180+1"]
[Date "2023.08.22"]
[WhiteClock "0:00:13"]
[BlackClock "0:00:02"]
[Board "143"]

1. d4 d5 2. Bf4 c5 3. e3 Nf6 4. c3 Bf5 5. Qb3 Qb6 6. dxc5 Qxb3 7. axb3 a5 8. Nf3 Nc6 9. Bb5 e6 10. Nd4 Bxb1 11. Nxc6 Bd3 12. Bxd3 bxc6 13. b4 Nd7 14. h3 e5 15. Bh2 f6 16. O-O Kf7 17. Ra4 Bxc5 18. bxc5 Nxc5 19. Bc2 Nxa4 20. Bxa4 Rhc8 21. Rd1 Rab8 22. b3 Ke6 23. Kf1 Rb6 24. Ke2 Rcb8 25. f3 c5 26. f4 c4 27. bxc4 Rb2+ 28. Kf3 e4+ 29. Kg3 dxc4 30. Rd4 Ra2 31. Bd7+ Ke7 32. Bf5 Rb3 33. Bxe4 Rxc3 34. Kf3 g6 35. f5 Raa3 36. Bd6+ Kf7 37. Bd5+ Kg7 38. Re4 gxf5 39. Re7+ Kg6 40. Bf4 Rc1 41. Bf7+ Kg7 42. Bh5+ Kf8 43. Bd6 Rf1+ 44. Kg3 Rd1 45. Bxa3 Rd3 46. Bc5 Kg8 47. Re8+ Kg7 48. Bf8+ Kg8 49. Bc5+ Kg7 50. Re7+ Kh6 51. Bf3 c3 52. Rf7 Kg6 53. Rc7 c2 54. Be7 Rd7 55. Rxc2 Rxe7 56. Ra2 Rxe3 57. Rxa5 h5 58. h4 Rc3 59. Kf4 Rc4+ 60. Kg3 Rc3 61. Ra8 Rc4 62. Rg8+ Kh6 63. Ra8 f4+ 64. Kh3 Kg6 65. Ra5 f5 66. Ra6+ Kg7 67. Bxh5 Rc3+ 68. Bf3 Kf7 69. h5 Kg7 70. Kh4 Rc1 71. Kg5 Rg1 72. h6+ Kh7 73. Ra7+ Kh8 74. Kg6 Rb1 75. Ra8+ Rb8 76. Rxb8# 1-0


[Site "https://www.chess.com"]

[Event "Titled Tuesday Blitz August 22 Early 2023"]
[White "Mmukka"]
[Black "Ziatdinov, Raset"]
[BlackFideId "2015323"]
[WhiteElo "2464"]
[BlackElo "2363"]
[Result "1-0"]
[Round "7"]
[TimeControl "180+1"]
[Date "2023.08.22"]
[WhiteClock "0:01:34"]
[BlackClock "0:00:00"]
[Board "144"]

1. e4 c5 2. Nf3 d6 3. d4 cxd4 4. Nxd4 Nf6 5. Nc3 g6 6. Be2 Bg7 7. O-O O-O 8. Bg5 Nc6 9. Nb3 a6 10. f4 b5 11. Bf3 Rb8 12. Kh1 Qb6 13. Bxf6 Bxf6 14. Nd5 Qa7 15. Nxf6+ exf6 16. Qxd6 Rb6 17. Qxf6 Ne7 18. Qd4 Qc7 19. c3 Rd8 20. Qf2 Be6 21. Nd4 Bc4 22. Rfd1 Nc6 23. Nxc6 Rxc6 24. Rxd8+ Qxd8 25. Rd1 Rd6 26. Rxd6 Qxd6 27. b3 Be6 28. g3 Qd3 29. Kg2 Qxc3 30. g4 Bd7 31. Qe2 Bc6 32. g5 b4 33. h4 a5 34. h5 Qc5 35. h6 Bb5 36. Qd2 Qc8 37. Qd4 1-0


[Site "https://www.chess.com"]

[Event "Titled Tuesday Blitz August 22 Early 2023"]
[White "Szyszylo, Rafal"]
[Black "Pavlidou, Ekaterini"]
[WhiteFideId "1109626"]
[BlackFideId "4213262"]
[WhiteElo "2450"]
[BlackElo "2362"]
[Result "1-0"]
[Round "7"]
[TimeControl "180+1"]
[Date "2023.08.22"]
[WhiteClock "0:00:14"]
[BlackClock "0:01:00"]
[Board "145"]

1. e4 c5 2. Nc3 Nc6 3. Bb5 Nd4 4. Nf3 e6 5. O-O a6 6. Bd3 b5 7. Nxd4 cxd4 8. Ne2 Bc5 9. c3 dxc3 10. dxc3 Ne7 11. Ng3 Bb7 12. Qh5 d5 13. Bg5 d4 14. Rad1 Qb6 15. cxd4 Bxd4 16. Bxe7 Kxe7 17. e5 f5 18. Bxf5 Raf8 19. Qh4+ Ke8 20. Rxd4 exf5 21. Rfd1 Kf7 22. Nxf5 Kg8 23. Ne7+ Kf7 24. Rd7 Rd8 25. Qf4+ Ke6 26. Qf5# 1-0


[Site "https://www.chess.com"]

[Event "Titled Tuesday Blitz August 22 Early 2023"]
[White "Womacka, Mathias"]
[Black "Petrova, Irina"]
[WhiteFideId "4611390"]
[BlackFideId "14124122"]
[WhiteElo "2449"]
[BlackElo "2362"]
[Result "1-0"]
[Round "7"]
[TimeControl "180+1"]
[Date "2023.08.22"]
[WhiteClock "0:00:12"]
[BlackClock "0:00:01"]
[Board "146"]

1. e4 d6 2. d4 Nf6 3. Nc3 e5 4. Nf3 Nbd7 5. Bc4 Be7 6. O-O O-O 7. Re1 c6 8. a4 h6 9. h3 Re8 10. Be3 Bf8 11. a5 exd4 12. Bxd4 Qc7 13. Nh4 Ne5 14. Bb3 Be6 15. Bxe6 Rxe6 16. Nf5 g6 17. Ng3 Rae8 18. Bxa7 c5 19. Bb6 Qc6 20. Nd5 Ned7 21. Nxf6+ Rxf6 22. Qd3 Nxb6 23. axb6 Qxb6 24. b3 Rfe6 25. Re2 Bg7 26. Rd1 Be5 27. Nf1 Bf4 28. Nd2 Bxd2 29. Rdxd2 Qc6 30. f3 b5 31. Qd5 Qb6 32. Kh2 Kg7 33. Rd3 Qa6 34. Red2 Qa1 35. Qb7 Qe5+ 36. Kh1 b4 37. Qc6 Qa1+ 38. Rd1 Qb2 39. Rxd6 Qxc2 40. Qd5 Rxd6 41. Qxd6 Re6 42. Qd3 Qb2 43. Qc4 Qf2 44. Rd5 Rf6 45. Qxc5 Qf1+ 46. Kh2 Ra6 47. Qd4+ Kh7 48. Rd7 h5 49. Rxf7+ Kh6 50. Qg7+ Kg5 51. Qe5+ Kh6 52. Qf4+ g5 53. Qf5 Rg6 54. Rf6 Rxf6 55. Qxf6+ Kh7 56. Qxg5 Qd1 57. Qxh5+ Kg7 58. Qe5+ Kh7 59. Qe7+ Kh8 60. Qxb4 Kh7 61. Qb8 Qd7 62. b4 Qe7 63. b5 Qf7 64. b6 Kh6 65. Qd6+ Kh7 66. Qc7 1-0


[Site "https://www.chess.com"]

[Event "Titled Tuesday Blitz August 22 Early 2023"]
[White "Sai Han Thiha"]
[Black "Albertini, Luca"]
[WhiteFideId "13012290"]
[BlackFideId "847038"]
[WhiteElo "2445"]
[BlackElo "2354"]
[Result "1-0"]
[Round "7"]
[TimeControl "180+1"]
[Date "2023.08.22"]
[WhiteClock "0:00:25"]
[BlackClock "0:00:32"]
[Board "147"]

1. Nf3 d5 2. g3 Nf6 3. Bg2 c5 4. O-O Nc6 5. d4 Bf5 6. c4 dxc4 7. Qa4 cxd4 8. Ne5 Rc8 9. Nxc6 bxc6 10. Qxc4 Qd7 11. Bg5 e5 12. Bxf6 gxf6 13. Nd2 Be7 14. Rac1 O-O 15. Bxc6 Qd8 16. Qa4 Qb6 17. Bd7 Rxc1 18. Rxc1 Qxb2 19. Nb3 Bc2 20. Qc4 Bg6 21. Na5 Rd8 22. Ba4 Bf8 23. Nc6 Ra8 24. Bb3 Kg7 25. f4 Qd2 26. fxe5 Qe3+ 27. Kf1 fxe5 28. Rd1 Bf5 29. Qxf7+ Kh8 30. Qg8# 1-0


[Site "https://www.chess.com"]

[Event "Titled Tuesday Blitz August 22 Early 2023"]
[White "Balla, Tamas-Kristof"]
[Black "ZeGood_ZeBad_ZeUgly"]
[WhiteFideId "1208497"]
[WhiteElo "2444"]
[BlackElo "2267"]
[Result "1-0"]
[Round "7"]
[TimeControl "180+1"]
[Date "2023.08.22"]
[WhiteClock "0:00:23"]
[BlackClock "0:00:40"]
[Board "148"]

1. e4 e5 2. Nf3 Nc6 3. Bc4 Bc5 4. b4 Bxb4 5. c3 Bc5 6. d4 exd4 7. cxd4 Bb4+ 8. Nbd2 d6 9. d5 Bxd2+ 10. Bxd2 Ne5 11. Nxe5 dxe5 12. Bb4 Nf6 13. O-O Bd7 14. f4 exf4 15. e5 Ng4 16. e6 Ne3 17. exf7+ Kxf7 18. Rxf4+ Bf5 19. d6+ Nxc4 20. Qd5+ Ke8 21. Re1+ Kd7 22. Qxf5+ Kc6 23. Qc5+ Kd7 24. Rf7+ Kc8 25. Rxc7+ Kb8 26. Qxc4 Qh4 27. Qxh4 1-0


[Site "https://www.chess.com"]

[Event "Titled Tuesday Blitz August 22 Early 2023"]
[White "Carroll, Thomas"]
[Black "Clawitter, Craig"]
[WhiteFideId "450111"]
[BlackFideId "2023105"]
[WhiteElo "2441"]
[BlackElo "2233"]
[Result "1-0"]
[Round "7"]
[TimeControl "180+1"]
[Date "2023.08.22"]
[WhiteClock "0:00:29"]
[BlackClock "0:00:00"]
[Board "149"]

1. c4 e6 2. Nf3 Nf6 3. g3 d5 4. Bg2 Be7 5. O-O O-O 6. b3 d4 7. e3 c5 8. exd4 cxd4 9. Bb2 Nc6 10. d3 e5 11. Nbd2 Re8 12. Re1 Bf8 13. Ng5 a5 14. a3 Bg4 15. Qc2 h6 16. Nge4 Nxe4 17. Nxe4 f5 18. Nd2 Bh5 19. Bd5+ Bf7 20. Bxf7+ Kxf7 21. Nf3 Bc5 22. Re2 e4 23. Nd2 e3 24. Nf1 f4 25. fxe3 dxe3 26. gxf4 Qh4 27. Ng3 Kg8 28. Rf1 Rf8 29. f5 Rae8 30. b4 axb4 31. axb4 Nxb4 32. Qc3 Qe7 33. d4 Bd6 34. Rf3 Nc6 35. c5 Bxg3 36. Rxg3 Qe4 37. d5 Nd4 38. Qxd4 Qb1+ 39. Kg2 1-0


[Site "https://www.chess.com"]

[Event "Titled Tuesday Blitz August 22 Early 2023"]
[White "Sava, Christiansen-Danut-Eugen"]
[Black "Herzog2012"]
[WhiteFideId "1210114"]
[WhiteElo "2223"]
[BlackElo "2439"]
[Result "1-0"]
[Round "7"]
[TimeControl "180+1"]
[Date "2023.08.22"]
[WhiteClock "0:00:09"]
[BlackClock "0:00:00"]
[Board "150"]

1. c4 e5 2. Nc3 Nf6 3. e3 Nc6 4. d4 exd4 5. exd4 Bb4 6. Nf3 O-O 7. Be2 d5 8. O-O dxc4 9. Bxc4 Bg4 10. Be3 Bxf3 11. Qxf3 Rb8 12. Rad1 Qd7 13. a3 Bxc3 14. bxc3 Ne7 15. Bg5 Nfd5 16. Rfe1 c6 17. Re2 Rfe8 18. Rde1 Ng6 19. Rxe8+ Rxe8 20. Rxe8+ Qxe8 21. h4 Qe1+ 22. Kh2 Nge7 23. h5 h6 24. Bh4 Kf8 25. Qg3 Nf5 26. Qb8+ Qe8 27. Bd8 f6 28. Bxd5 cxd5 29. Bc7 Qxb8 30. Bxb8 a5 31. g4 Ne7 32. Bd6 Kf7 33. Kg3 Nc8 34. Bf4 a4 35. Bd2 Nd6 36. Kf3 Nc4 37. Bc1 g6 38. Ke2 gxh5 39. gxh5 f5 40. Bxh6 Nxa3 41. Kd3 Nc4 42. Kc2 b5 43. Bg5 Nd6 44. Bf4 Ne4 45. f3 Nf6 46. h6 Nd7 47. Kb2 Nb6 48. Ka3 Nc4+ 49. Kb4 Kg6 50. Bc1 a3 51. Bxa3 Nxa3 52. Kxa3 Kxh6 53. Kb4 Kg5 54. Kxb5 Kf4 55. Kc5 Kxf3 56. Kxd5 Ke3 57. c4 f4 58. c5 f3 59. c6 f2 60. c7 f1=Q 61. c8=Q Qb5+ 62. Qc5 Qd7+ 63. Qd6 Qb5+ 64. Ke6 Ke4 65. Qe5+ 1-0


[Site "https://www.chess.com"]

[Event "Titled Tuesday Blitz August 22 Early 2023"]
[White "Tharushi, T H D Niklesha"]
[Black "Begunov, Konstantin"]
[WhiteFideId "9918264"]
[BlackFideId "4118510"]
[WhiteElo "2199"]
[BlackElo "2438"]
[Result "0-1"]
[Round "7"]
[TimeControl "180+1"]
[Date "2023.08.22"]
[WhiteClock "0:02:24"]
[BlackClock "0:02:02"]
[Board "151"]

1. e4 c5 2. Nf3 d6 3. d4 cxd4 4. Nxd4 Nf6 5. Nc3 a6 6. Bg5 e6 7. f4 Qb6 8. Qd2 Nc6 9. O-O-O Bd7 10. Nxc6 Bxc6 11. e5 dxe5 12. fxe5 Nd5 13. Bc4 Bb4 14. Rhf1 Nxc3 15. bxc3 Ba3# 0-1


[Site "https://www.chess.com"]

[Event "Titled Tuesday Blitz August 22 Early 2023"]
[White "Bueno, Alfeu Junior Varela"]
[Black "Pert, Nina"]
[WhiteFideId "2108879"]
[BlackFideId "456853"]
[WhiteElo "2424"]
[BlackElo "2229"]
[Result "1-0"]
[Round "7"]
[TimeControl "180+1"]
[Date "2023.08.22"]
[WhiteClock "0:00:01"]
[BlackClock "0:01:13"]
[Board "152"]

1. e4 c6 2. d4 d5 3. f3 Qa5+ 4. Nc3 e6 5. Bd3 Nf6 6. Ne2 a6 7. O-O Be7 8. e5 Nfd7 9. f4 c5 10. f5 cxd4 11. fxe6 fxe6 12. Nxd4 Nf8 13. Qh5+ g6 14. Qh6 Rg8 15. Kh1 Bd7 16. Qf4 Rg7 17. Qh6 Rg8 18. Bg5 Qd8 19. Be3 Nc6 20. Qf4 Rg7 21. Qf2 Bh4 22. Qxf8# 1-0


[Site "https://www.chess.com"]

[Event "Titled Tuesday Blitz August 22 Early 2023"]
[White "SergioMoralesG"]
[Black "Dilmukhametov, Artur"]
[BlackFideId "24179922"]
[WhiteElo "2421"]
[BlackElo "2186"]
[Result "0-1"]
[Round "7"]
[TimeControl "180+1"]
[Date "2023.08.22"]
[WhiteClock "0:00:03"]
[BlackClock "0:00:29"]
[Board "153"]

1. d4 c5 2. d5 f5 3. Nc3 Nf6 4. Bg5 d6 5. e3 Ne4 6. Nxe4 fxe4 7. Ne2 g6 8. Ng3 Bg7 9. c3 h6 10. Bf4 g5 11. Nh5 Bf8 12. Bg3 Bf5 13. Be2 Nd7 14. h4 gxh4 15. Rxh4 Qb6 16. Ng7+ Bxg7 17. Bh5+ Kd8 18. Rb1 Be5 19. Bf4 Bf6 20. Rh1 e5 21. dxe6 Ne5 22. Qd5 Ke7 23. Rd1 Nd3+ 24. Kf1 Nxf4 25. Qxf5 Nxh5 26. Qxh5 Raf8 27. Qd5 Be5 28. g3 Bxg3 29. Rd2 Be5 30. Qxe4 Qc6 31. Qxc6 bxc6 32. f4 Kxe6 33. Ke2 Bf6 34. Rhd1 d5 35. b3 Bxc3 36. Rc2 Bb4 37. Rg1 Rhg8 38. Ra1 Rg2+ 39. Kd3 Rxc2 40. Kxc2 Kf5 41. Kd3 Rg8 42. a3 Ba5 43. Rc1 Bb6 44. Rh1 Kg6 45. Rg1+ Kf7 46. Rh1 Rh8 47. Rh5 Kg6 48. Rh1 h5 49. Rg1+ Kf6 50. Rh1 h4 51. e4 c4+ 52. bxc4 dxe4+ 53. Kxe4 h3 54. Kf3 h2 55. Kg2 Kf5 0-1


[Site "https://www.chess.com"]

[Event "Titled Tuesday Blitz August 22 Early 2023"]
[White "Harriott, Tyrell"]
[Black "Kleiman, Jake"]
[WhiteFideId "2086484"]
[BlackFideId "2020041"]
[WhiteElo "2421"]
[BlackElo "2669"]
[Result "0-1"]
[Round "7"]
[TimeControl "180+1"]
[Date "2023.08.22"]
[WhiteClock "0:00:02"]
[BlackClock "0:01:21"]
[Board "154"]

1. d4 Nf6 2. e3 d5 3. Bd3 e6 4. f4 Be7 5. Nf3 O-O 6. O-O b6 7. Nbd2 Ba6 8. b3 Bxd3 9. cxd3 c5 10. Bb2 Nc6 11. Ne5 Rc8 12. Ndf3 Nd7 13. Ng4 f5 14. Nf2 Bf6 15. Qe2 Re8 16. Kh1 cxd4 17. exd4 Nb4 18. Rfc1 Rxc1+ 19. Bxc1 Qc7 20. Bd2 Nc6 21. Rc1 Qd6 22. Ne5 Nxd4 23. Qe3 Nxe5 24. Qxd4 Nc4 25. Qxf6 gxf6 26. dxc4 dxc4 27. Be3 cxb3 28. axb3 Qd5 29. b4 Qb3 30. Nd1 Rd8 31. Bg1 Rxd1 32. Rxd1 Qxd1 33. h3 e5 34. Kh2 e4 35. b5 Qe1 36. Bd4 e3 37. Bxf6 Qd2 38. Bh4 e2 39. Bf2 Qxf4+ 40. Bg3 Qe3 41. h4 f4 42. Be1 Qc1 43. Kh3 Qxe1 44. Kh2 Qg3+ 45. Kg1 e1=Q# 0-1


[Site "https://www.chess.com"]

[Event "Titled Tuesday Blitz August 22 Early 2023"]
[White "campochess"]
[Black "Kochiev, Ivan"]
[BlackFideId "2917890"]
[WhiteElo "2181"]
[BlackElo "2568"]
[Result "0-1"]
[Round "7"]
[TimeControl "180+1"]
[Date "2023.08.22"]
[WhiteClock "0:01:17"]
[BlackClock "0:01:28"]
[Board "155"]

1. d4 Nf6 2. Bg5 Ne4 3. h4 d5 4. Nd2 Nxd2 5. Qxd2 h6 6. Bf4 c5 7. c3 Nc6 8. e3 Bf5 9. Bb5 Qb6 10. Nf3 Qxb5 11. dxc5 Qxc5 12. O-O e6 13. b4 Qb6 14. a4 a6 15. b5 Na5 16. Nd4 Bh7 17. bxa6 Qxa6 18. Ra2 Bd6 19. Bxd6 Qxd6 20. Nb5 Qc5 21. Qb2 Bd3 22. Rd1 Bxb5 23. axb5 O-O 24. Rda1 Nc4 25. Qb3 Rxa2 26. Rxa2 Rc8 27. Qa4 Nd6 28. b6 Qxb6 29. Qg4 Qb1+ 0-1


[Site "https://www.chess.com"]

[Event "Titled Tuesday Blitz August 22 Early 2023"]
[White "Caspi, Israel"]
[Black "Ovezdurdyyeva, Jemal"]
[WhiteFideId "2807394"]
[BlackFideId "14001888"]
[WhiteElo "2563"]
[BlackElo "2370"]
[Result "0-1"]
[Round "7"]
[TimeControl "180+1"]
[Date "2023.08.22"]
[WhiteClock "0:00:00"]
[BlackClock "0:00:10"]
[Board "156"]

1. e4 d6 2. d4 Nf6 3. Nc3 g6 4. Nf3 c6 5. a4 Bg7 6. Be2 O-O 7. O-O Nbd7 8. Re1 e5 9. h3 Qc7 10. Be3 Re8 11. dxe5 dxe5 12. Bc4 h6 13. a5 Nf8 14. Nd2 Be6 15. Qe2 Nh5 16. Nb3 Nf4 17. Qf1 Qe7 18. Kh2 Bxc4 19. Qxc4 Qh4 20. Qf1 Qh5 21. g3 N4e6 22. Red1 Ng5 23. Nc5 b6 24. N5a4 f5 25. exf5 gxf5 26. Bxg5 hxg5 27. axb6 axb6 28. Nxb6 Rxa1 29. Rxa1 Ne6 30. Ne2 e4 31. Nc4 f4 32. g4 Qg6 33. c3 Nc5 34. f3 Nd3 35. Rd1 e3 36. b3 Nf2 37. Rd6 Re6 38. Rxe6 Qxe6 39. h4 gxh4 40. Qb1 Qd5 41. Ng1 e2 42. Nxe2 Qxf3 43. Qg6 Nxg4+ 44. Qxg4 Qxg4 45. Ng1 Qg3+ 46. Kh1 h3 47. Nxh3 Qxh3+ 48. Kg1 Bxc3 0-1


[Site "https://www.chess.com"]

[Event "Titled Tuesday Blitz August 22 Early 2023"]
[White "brm72"]
[Black "Konenkin, Dmitry"]
[BlackFideId "4185781"]
[WhiteElo "2560"]
[BlackElo "2365"]
[Result "0-1"]
[Round "7"]
[TimeControl "180+1"]
[Date "2023.08.22"]
[WhiteClock "0:00:00"]
[BlackClock "0:00:10"]
[Board "157"]

1. e4 d6 2. d4 Nf6 3. Nc3 e5 4. Nf3 Nbd7 5. Bc4 Be7 6. a4 c6 7. a5 Qc7 8. O-O h6 9. b3 Nf8 10. Ba3 g5 11. dxe5 dxe5 12. Bxe7 Qxe7 13. Ne1 Ng6 14. Nd3 O-O 15. Ra4 Be6 16. Bxe6 fxe6 17. Qe2 Nf4 18. Qe3 Qc7 19. Nxf4 exf4 20. Qh3 Qe5 21. Qxh6 Qxc3 22. Qxg5+ Kf7 23. Qxf4 e5 24. Qf5 Rh8 25. Rc4 Qxa5 26. b4 Qc7 27. g4 Rag8 28. g5 Rh5 29. Qxf6+ Ke8 30. Qe6+ Kf8 31. f4 exf4 32. Qf6+ Qf7 33. e5 Rgxg5+ 34. Kh1 Rxe5 35. Rcxf4 Qxf6 36. Rxf6+ Ke8 37. Rf8+ Kd7 38. R8f7+ Re7 39. Rxe7+ Kxe7 40. Kg2 Rh4 41. c3 Kd6 42. Kg3 Rh8 43. h4 Kd5 44. Kg4 Kc4 45. Rf3 b6 46. h5 a5 47. bxa5 bxa5 48. Kg5 a4 49. h6 a3 50. Kg6 a2 51. Rf1 Kxc3 52. Kg7 Ra8 53. h7 Ra7+ 54. Rf7 a1=Q 0-1


[Site "https://www.chess.com"]